cohdb
Replays
Latest Replays
All Replays
Popular Replays
Top Player Replays
Match Explorer
How It Works
Community
CoH3 Stats
Reddit
Sign in to upload your games and track your stats! →
Sign in with Steam
Match 43480730
Unlisted
Match 43480730
Overview
Messages
Build Orders
End
Vickers Machine Gun Team
Construct Section Command Post
Infantry Section
Infantry Section
Vickers Machine Gun Team
ML 3-inch Mortar Team
Construct Platoon Command Post
6-pounder Anti-tank Gun Team
CMP 15cwt Truck
Selects Air and Sea Battlegroup
Selects Supply Surplus
Construct Resource Cache
Construct Resource Cache
Construct Resource Cache
Construct Company Command Post
Matilda II Heavy Tank
Infantry Section
Selects Commando Section Paradrop
Selects M1 Pack Howitzer Paradrop
Selects Incendiary Bombing Run
Incendiary Bombing Run
Royal Engineer Section
JT9001
admiral_gnar
Bruno Kalito
Dove
UMP-40
Daddy
KorleeS
101师187团E连
0
0
Comments
sign in to comment!
No comments posted yet!